 Dungeon Crawl Stone Soup version 0.28.0-45-g0d030f2227 (webtiles) character file.

Game seed: 18104792120578442111

77 GreyArmor the Skirmisher (level 4, -3/50 HPs)
             Began as an Ogre Berserker on Apr 20, 2022.
             Was a Follower of Trog.
             Slain by an elf zombie (4 damage)
             ... in an ossuary.
             The game lasted 00:04:28 (997 turns).

GreyArmor the Skirmisher (Ogre Berserker)            Turns: 997, Time: 00:04:29

Health: -3/50      AC:  3    Str: 23    XL:     4   Next: 33%
Magic:  4/4        EV: 10    Int:  8    God:    Trog [*.....]
Gold:   64         SH:  0    Dex:  8    Spells: 3/3 levels left

rFire   . . .      SeeInvis .   g - +0 spear (venom)
rCold   . . .      Faith    .   (no shield)
rNeg    + . .      Spirit   .   b - +0 animal skin
rPois   .          Reflect  .   (helmet restricted)
rElec   .          Harm     .   (no cloak)
rCorr   .          Rampage  .   (gloves unavailable)
Will    .....                   (boots unavailable)
Stlth   +.........              (no amulet)
HPRegen 0.16/turn               h - ring of positive energy
MPRegen 0.09/turn               (no ring)

@: no status effects
A: large, unfitting armour, tough skin 1
a: Renounce Religion, Berserk


You were in an ossuary.
You worshipped Trog.
Trog was aware of your devotion.
You visited 1 branch of the dungeon, and saw 4 of its levels.
You also visited: Ossuary.

You collected 64 gold pieces.

Inventory:

Hand Weapons
 a - a +0 hand axe
 c - a +0 fustibalus
 e - a +0 broad axe
 g - a +0 spear of venom (weapon)
Armour
 b - a +0 animal skin (worn)
Jewellery
 h - a ring of positive energy (left hand)


   Skills:
 + Level 5.0 Fighting
 + Level 3.8 Axes
 + Level 3.4 Dodging


You had 3 spell levels left.
You didn't know any spells.
Your spell library contained the following spells:

 Spells                   Type           Power      Damage    Failure   Level
 Stone Arrow              Conj/Erth      0%         3d7       78%         3
 Animate Armour           Summ/Erth      0%         N/A       99%         4
 Lehudib's Crystal Spear  Conj/Erth      0%         10d2      100%        8


Dungeon Overview and Level Annotations

Branches:
Dungeon (4/15)            Ossuary (1/1)
 Temple: D:4-7

Altars:


Innate Abilities, Weirdness & Mutations

You are too large for most types of armour.
You have tough skin. (AC +1)


Message History

The elf zombie is moderately damaged.
The elf zombie hits you.
* * * LOW HITPOINT WARNING * * *
You hit the elf zombie.
The elf zombie is heavily damaged.
The elf zombie hits you but does no damage.
You closely miss the elf zombie.
The elf zombie is heavily damaged.
The elf zombie hits you but does no damage.
You barely miss the elf zombie.
The elf zombie is heavily damaged.
You hit the elf zombie.
The elf zombie is heavily damaged.
The elf zombie closely misses you.
You hit the elf zombie but do no damage.
The elf zombie is heavily damaged.
The elf zombie hits you but does no damage.
You hit the elf zombie.
The elf zombie is severely damaged.
The elf zombie hits you.
* * * LOW HITPOINT WARNING * * *
You barely miss the elf zombie.
The elf zombie is severely damaged.
You recover from your berserk rage.
The elf zombie barely misses you.
You barely miss the elf zombie.
The elf zombie is severely damaged.
You hit the elf zombie.
The elf zombie is severely damaged.
The elf zombie hits you!
* * * LOW HITPOINT WARNING * * *
You hit the elf zombie.
The elf zombie is severely damaged.
The elf zombie hits you.
* * * LOW HITPOINT WARNING * * *
You aren't carrying any scrolls.
You hit the elf zombie.
The elf zombie is almost destroyed.
The elf zombie hits you.
You die...

############
#.$#........
#.@#........
##Z#Z.......
#ZZZ........
#.Z................
#.....##...........
#.....##...........
#..................
#..................
#..#...............


You could see a jackal zombie, 2 hobgoblin zombies, an orc zombie, an elf zombie
and a human zombie.

Vanquished Creatures
  A hound zombie (Ossuary)
  A mummy (Ossuary)
  3 adders
  A worm (D:3)
  A dart slug (D:2)
  2 endoplasms
  A giant cockroach (D:3)
  2 hobgoblins
  2 jackals (D:3)
  2 ball pythons (D:3)
  2 bats (D:2)
  A frilled lizard (D:2)
  A hobgoblin zombie (Ossuary)
  A jackal zombie (Ossuary)
21 creatures vanquished.

Notes
Turn   | Place    | Note
-------+----------+-------------------------------------------
     0 | D:1      | GreyArmor the Ogre Berserker began the quest for the Orb.
     0 | D:1      | Reached XP level 1. HP: 24/24 MP: 1/1
   111 | D:2      | Reached XP level 2. HP: 12/32 MP: 2/2
   116 | D:2      | HP: 1/32 [adder (3)]
   497 | D:3      | Reached XP level 3. HP: 40/40 MP: 3/3
   911 | D:4      | Found a sand-covered staircase.
   947 | Ossuary  | Entered an ossuary
   962 | Ossuary  | Reached XP level 4. HP: 35/49 MP: 4/4
   978 | Ossuary  | Reached skill level 5 in Fighting
   996 | Ossuary  | HP: 1/50 [elf zombie (2)]
   997 | Ossuary  | Slain by an elf zombie

Illustrated notes

Levels and vault maps discovered:
D:1:      lemuel_arrival_broad_hall, layout_loops_ring
D:2:      layout_loops_ring, basic_altar, st_stairs_7, uniq_robin, uniq_sigmund
D:3:      layout_rooms, minivault_24, uniq_terence
D:4:      layout_gridville, kennysheep_mini_moat, gup_ossuary_entry_pyramid,
          uniq_duvessa
Ossuary:  ossuary_minmay_tomb_2a

Skill      XL: |  1  2  3  4 |
---------------+-------------+-----
Dodging        | 3 |  3.4
Fighting       | 5 |  5.0
Axes           | |  3.8

Action                   |  1- 3 |  4- 6 || total
-------------------------+-------+-------++-------
Melee: Hand axe          |    22 |       ||    22
       Broad axe         |    27 |       ||    27
       Spear             |    16 |    25 ||    41
Invok: Berserk           |     1 |       ||     1
  Use: Scroll            |     5 |       ||     5
Armor: Animal skin       |    25 |     8 ||    33
Dodge: Dodged            |    54 |     8 ||    62
